AoeStats
← Carple

Black Forest

503741474Analyzed
4v4 RM · 1mo ago on Sep 2, 2026· 55m 20s· 8 players
Game mode
Random Map
Map size
Large (8 player)
Population
200
Speed
Normal
Resources
Standard
Victory
Conquest
Starting age
Dark Age
Ending age
Imperial Age
RankedLock teamsTeams togetherTeam positionsShared explorationLock speedFull tech treeHidden civsTurbo modeCheats
Victory
Defeat
🇲🇽 Spanish · Mexico
1156
+9
🇧🇷 Koreans · Brazil
1104
+11
🇧🇷 Persians · Brazil
1100
+11
🇧🇷 Bohemians · Brazil
876
+21
🇲🇽 Malians · Mexico
1034
-15
🇨🇦 Hindustanis · Canada
1008
-14
🇲🇽 Mongols · Mexico
965
-12
🇲🇽 Wei · Mexico
963
-12
Pika
1:34 Loom
10:58 Feudal Age
17:33 Castle Age
19:27 Caravan
20:13 Double-Bit Axe
25:39 Horse Collar
26:17 Bow Saw
26:01 Gold Mining
29:33 Wheelbarrow
28:44 Town Watch
30:34 Coinage
30:09 Scale Mail Armor
31:07 Hand Cart
30:58 Town Patrol
33:52 Imperial Age
31:41 Forging
31:46 Chain Mail Armor
31:22 Fletching
32:31 Squires
32:44 Heavy Plow
33:23 Gold Shaft Mining
32:42 Stone Mining
33:35 Pikeman
34:01 Arson
33:37 Man-at-Arms
34:55 Iron Casting
34:35 Chain Mail Armor
34:26 Scale Barding Armor
34:16 Bodkin Arrow
34:21 Padded Archer Armor
34:05 Treadmill Crane
34:22 Murder Holes
34:38 Masonry
35:19 Crop Rotation
35:29 Stone Shaft Mining
37:10 Blast Furnace
36:13 Husbandry
36:24 Bloodlines
35:36 Heavy Hei Guang Cavalry
36:03 Halberdier
38:54 Chain Barding Armor
40:15 Long Swordsman
41:38 Tuntian
42:00 Conscription
43:59 Hoardings
44:19 Light Cavalry
47:41 Bracer
izio
11:05 Feudal Age
14:53 Castle Age
13:47 Double-Bit Axe
22:36 Horse Collar
23:13 Bow Saw
23:44 Wheelbarrow
28:36 Gold Mining
28:39 Stone Mining
31:28 Imperial Age
29:16 Hand Cart
28:49 Loom
30:53 Ballistics
30:28 Fletching
30:38 Padded Archer Armor
31:48 Heavy Plow
32:03 Bodkin Arrow
32:23 Leather Archer Armor
33:23 Bracer
34:30 Chemistry
33:42 Fortified Wall
33:41 Thumb Ring
34:01 Parthian Tactics
33:04 Elite Mangudai
34:05 Drill
34:07 Conscription
34:04 Bloodlines
33:54 Husbandry
36:03 Town Watch
38:06 Capped Ram
39:24 Forging
39:20 Scale Barding Armor
39:03 Siege Ram
PacoelJusto
6:06 Loom
10:19 Feudal Age
17:08 Castle Age
15:29 Stone Mining
15:35 Double-Bit Axe
16:11 Horse Collar
16:46 Gold Mining
19:06 Bow Saw
22:40 Fervor
25:38 Wheelbarrow
31:25 Imperial Age
31:09 Forging
31:29 Ballistics
31:25 Bloodlines
31:36 Scale Barding Armor
31:54 Husbandry
32:19 Farimba
33:31 Hand Cart
33:53 Gold Shaft Mining
33:41 Heavy Plow
33:47 Town Watch
34:41 Iron Casting
36:01 Chemistry
34:43 Heavy Camel Rider
36:09 Tigui
39:37 Chain Barding Armor
Carple
0:26 Loom
10:43 Feudal Age
11:09 Double-Bit Axe
13:24 Horse Collar
16:58 Castle Age
15:20 Stone Mining
15:20 Gold Mining
15:34 Padded Archer Armor
18:05 Bow Saw
25:31 Heavy Plow
27:46 Wheelbarrow
27:57 Fletching
28:01 Town Watch
30:29 Grand Trunk Road
30:34 Caravan
34:19 Imperial Age
32:27 Bodkin Arrow
32:48 Leather Archer Armor
32:45 Forging
32:59 Ballistics
33:11 Hand Cart
32:25 Elite Skirmisher
33:28 Husbandry
33:40 Bloodlines
32:51 Light Cavalry
33:39 Scale Mail Armor
33:49 Scale Barding Armor
35:26 Gold Shaft Mining
35:03 Squires
34:49 Arson
35:06 Shatagni
35:30 Conscription
34:46 Heavy Camel Rider
36:50 Chemistry
35:54 Hussar
37:09 Bracer
37:47 Ring Archer Armor
37:23 Pikeman
eduhaas
0:32 Loom
11:51 Feudal Age
15:43 Castle Age
14:05 Double-Bit Axe
14:29 Horse Collar
17:15 Bow Saw
24:27 Wheelbarrow
24:43 Heavy Plow
29:10 Imperial Age
27:21 Fletching
27:31 Padded Archer Armor
28:31 Bodkin Arrow
28:38 Gold Mining
29:07 Leather Archer Armor
30:56 Chemistry
30:17 Ballistics
31:26 Two-Man Saw
30:30 Bracer
31:00 Ring Archer Armor
30:39 Onager
32:33 Conscription
32:29 Fortified Wall
34:04 Hand Cart
33:35 Town Watch
44:52 Thumb Ring
52:25 Elite Skirmisher
54:17 Inquisition
54:37 Supremacy
53:38 Elite Conquistador
54:55 Hoardings
53:51 Sappers
Sesiom
0:35 Loom
12:59 Feudal Age
16:56 Castle Age
15:03 Double-Bit Axe
15:39 Horse Collar
24:38 Fletching
25:05 Bow Saw
26:04 Fletching
26:45 Padded Archer Armor
26:49 Elite Skirmisher
30:01 Ballistics
30:13 Heavy Plow
32:40 Chemistry
31:37 Bodkin Arrow
35:34 Imperial Age
33:26 Leather Archer Armor
34:38 Wheelbarrow
34:51 Forging
34:41 Scale Mail Armor
35:00 Wagenburg Tactics
36:41 Conscription
36:33 Bracer
37:03 Ring Archer Armor
37:40 Two-Man Saw
38:23 Siege Engineers
49:14 Fortified Wall
"V1n1"™
10:57 Feudal Age
14:38 Castle Age
12:54 Double-Bit Axe
13:23 Horse Collar
22:49 Stone Mining
23:30 Gold Mining
25:34 Wheelbarrow
25:34 Forging
26:30 Fervor
27:17 Stone Shaft Mining
27:13 Hand Cart
31:21 Imperial Age
28:37 Loom
28:37 Town Watch
29:22 Caravan
29:35 Scale Barding Armor
30:36 Town Patrol
31:14 Iron Casting
33:15 Chemistry
33:28 Chain Barding Armor
33:12 Heavy Plow
33:24 Bow Saw
33:24 Devotion
35:02 Plate Barding Armor
36:59 Blast Furnace
35:59 Elite War Elephant
39:58 Bloodlines
39:48 Husbandry
39:09 Light Cavalry
44:56 Gold Shaft Mining
Jcn_x
0:29 Loom
12:10 Feudal Age
18:33 Castle Age
16:20 Town Watch
17:31 Double-Bit Axe
17:31 Horse Collar
19:47 Stone Mining
24:21 Bow Saw
25:28 Wheelbarrow
25:35 Gold Mining
26:31 Heavy Plow
28:27 Treadmill Crane
28:58 Fortified Wall
29:31 Gold Shaft Mining
34:41 Imperial Age
33:03 Stone Shaft Mining
34:42 Squires
34:02 Pikeman
34:29 Arson
34:31 Gambesons
36:03 Conscription
36:51 Chemistry
36:03 Masonry
37:24 Two-Man Saw
36:09 Halberdier
37:19 Murder Holes
38:22 Scale Mail Armor
38:32 Forging
38:14 Fletching
38:56 Elite Skirmisher
39:42 Thumb Ring
40:31 Chain Mail Armor
41:59 Plate Mail Armor
43:03 Iron Casting
42:24 Bodkin Arrow
42:59 Ballistics
45:51 Architecture
47:14 Bracer
Connection lost

Rejoining the realm…

Still unreachable

The connection could not be restored.

Session expired

The server has moved on; the page needs a fresh start.